Construct Section Command Post
Construct Field Infirmary
Selects Air and Sea Battlegroup
Construct Platoon Command Post
Selects Commando Section Paradrop
Commando Section Paradrop
Selects M1 Pack Howitzer Paradrop
6-pounder Anti-tank Gun Team
Construct Company Command Post
Unlock M3 Grant Medium Tanks
Selects Anti-tank Rocket Loiter
Commando Section Paradrop
Selects Naval Bombardment
Unlock Towed 17-pounder Anti-tank Guns
17-pounder Anti-tank Gun Team
Commando Section Paradrop
Commando Section Paradrop